 Dungeon Crawl Stone Soup version 0.28.0-47-ge53b351184 (webtiles) character file.

Game seed: 3061764952077589732

53 firemarshallily the Caller (level 3, -1/24 HPs)
             Began as a Merfolk Summoner on May 6, 2022.
             Was a Follower of Wu Jian.
             Killed from afar by Crazy Yiuf (11 damage)
             ... with a puff of flame
             ... on level 2 of the Dungeon.
             The game lasted 00:07:02 (1899 turns).

firemarshallily the Caller (Merfolk Summoner)       Turns: 1899, Time: 00:07:03

Health: -1/24      AC:  2    Str:  8    XL:     3   Next: 89%
Magic:  1/6        EV: 12    Int: 16    God:    Wu Jian [*.....]
Gold:   91         SH:  0    Dex: 14    Spells: 1/7 levels left

rFire   . . .      SeeInvis .   g - +1 dagger
rCold   . . .      Faith    .   (no shield)
rNeg    + . .      Spirit   .   a - +0 robe
rPois   .          Reflect  .   (no helmet)
rElec   .          Harm     .   (no cloak)
rCorr   .          Rampage  .   (no gloves)
Will    .....                   (no boots)
Stlth   ++........              (no amulet)
HPRegen 0.08/turn               k - ring of positive energy
MPRegen 0.10/turn               (no ring)

@: no status effects
A: (nimble swimmer 2), mertail
a: Renounce Religion


You were on level 2 of the Dungeon.
You worshipped Wu Jian.
Wu Jian was aware of your devotion.
You visited 1 branch of the dungeon, and saw 2 of its levels.

You collected 91 gold pieces.

Inventory:

Hand Weapons
 g - a +1 dagger (weapon)
Missiles
 c - 75 stones (quivered)
 d - 2 silver javelins
Armour
 a - a +0 robe (worn)
Jewellery
 k - a ring of positive energy (left hand)
Scrolls
 l - a scroll of identify {unknown}
Potions
 b - a potion of resistance {unknown}
 i - a potion of mutation {unknown}


   Skills:
 + Level 2.1 Polearms
 - Level 2.6 Dodging
 - Level 2.1 Stealth
 + Level 2.5 Spellcasting
 * Level 4.7 Summonings


You had one spell level left.
You knew the following spells:

 Your Spells              Type           Power      Damage    Failure   Level
a - Summon Small Mammal   Summ           68%        N/A       2%          1
b - Call Imp              Summ           17%        N/A       4%          2
c - Call Canine Familiar  Summ           17%        N/A       9%          3

Your spell library contained the following spells:

 Spells                   Type           Power      Damage    Failure   Level
 Summon Guardian Golem    Hex/Summ       9%         N/A       22%         3
 Summon Lightning Spire   Summ/Air       9%         N/A       58%         4


Dungeon Overview and Level Annotations

Branches:
Dungeon (2/15)

Altars:
Wu Jian

Annotations:
D:2 Crazy Yiuf


Innate Abilities, Weirdness & Mutations

((You are very nimble when in or above water. (Stealth+, EV+, Speed+++)))
Your lower body shifts to a powerful aquatic tail in water.


Message History

Attack!
Crazy Yiuf says, "Cake!"
Crazy Yiuf hits your shadow imp with a +2 quarterstaff of chaos!
Your shadow imp dies!
Your shadow imp disappears in a puff of smoke!
Crazy Yiuf whimpers, "Hah!
Mama dark tortoise."
Crazy Yiuf hits your quokka with a +2 quarterstaff of chaos!
Crazy Yiuf freezes your quokka.
Your quokka dies!
Your quokka's corpse disappears in a puff of smoke!
You swap places.
Casting: Summon Small Mammal (safe; 2% risk of failure)
Confirm with . or Enter, or press ? or * to list all spells.
Your quokka closely misses Crazy Yiuf.
Crazy Yiuf yells, "Seed!"
Crazy Yiuf hits your quokka with a +2 quarterstaff of chaos!
Your quokka dies!
Your quokka's corpse disappears in a puff of smoke!
Your quokka bites Crazy Yiuf.
Your quokka closely misses Crazy Yiuf.
Your quokka bites Crazy Yiuf but does no damage.
Crazy Yiuf grits, "Goldfish seventy unthinkable!"
Crazy Yiuf completely misses your quokka.
As you read the scroll labelled ELUCOA VEEDDAWK, it crumbles to dust.
It is a scroll of enchant weapon.
Your +0 dagger glows red for a moment.
Your quokka bites Crazy Yiuf but does no damage.
Crazy Yiuf hits your quokka with a +2 quarterstaff of chaos!
Your quokka dies!
Your quokka's corpse disappears in a puff of smoke!
As you read the scroll labelled FEQUER NEUDE, it crumbles to dust.
You hear a loud clanging noise!
It was a scroll of noise.
You hear a shout!
As you read the scroll labelled IKHY XUFIED, it crumbles to dust.
The scroll dissolves into smoke.
It was a scroll of fog.
As you read the scroll labelled TAKYQE XOYPHY, it crumbles to dust.
Your body is wracked with pain!
Crazy Yiuf convulses!
It was a scroll of torment.
Crazy Yiuf zaps a wand.
The puff of flame hits you!
You die...

# ##..#..... #
######........ #
#...........#
###...........#
..'.....†.>...#
#...........## .....
#........§§§§##
.....##.....####§§§.#
.....##.....# #@§§.#
.....##.....# #§§§.#
.....##.....# ##§g.#
.....##.....# ##.##
............# ##.#
............# #.##
###.........# ##r#
###.........# #g##
............# #'#


You could see Crazy Yiuf.

Vanquished Creatures
  A dart slug (D:1)
  An endoplasm (D:1)
2 creatures vanquished.

Vanquished Creatures (collateral kills)
  An adder (D:2)
  2 worms (D:2)
  2 dart slugs (D:2)
  2 ball pythons
  An endoplasm (D:2)
  2 giant cockroaches
  6 goblins
  2 hobgoblins (D:1)
  4 kobolds
  2 quokkas (D:1)
  A bat (D:2)
  2 frilled lizards (D:2)
  2 rats
29 creatures vanquished.

Grand Total: 31 creatures vanquished

Notes
Turn   | Place    | Note
-------+----------+-------------------------------------------
     0 | D:1      | firemarshallily the Merfolk Summoner began the quest for
                  | the Orb.
     0 | D:1      | Reached XP level 1. HP: 13/13 MP: 3/3
   203 | D:1      | Reached skill level 1 in Polearms
   203 | D:1      | Reached XP level 2. HP: 19/19 MP: 1/5
   625 | D:1      | Learned a level 2 spell: Call Imp
  1183 | D:2      | Found a faded altar of an unknown god.
  1193 | D:2      | Prayed at the altar of an unknown god.
  1193 | D:2      | Became a worshipper of the Wu Jian Council
  1193 | D:2      | Reached * piety under Wu Jian
  1356 | D:2      | Reached XP level 3. HP: 24/24 MP: 6/6
  1360 | D:2      | Learned a level 3 spell: Call Canine Familiar
  1867 | D:2      | Found a runed translucent door.
  1868 | D:2      | Noticed Crazy Yiuf
  1899 | D:2      | Killed from afar by Crazy Yiuf

Illustrated notes

Levels and vault maps discovered:
D:1:      ncdulo_watergridlock, layout_basic
D:2:      layout_basic, hellmonk_ecumenical_altar_run_dry,
          uniq_crazy_yiuf_cottage

Skill      XL: |  1  2  3 |
---------------+----------+-----
Polearms       | 1 2 |  2.1
Dodging        | |  2.6
Stealth        | |  2.1
Spellcasting   | |  2.5
Summonings     | |  4.7

Action                   || total
-------------------------++-------
Melee: Unarmed           ||     8
       Dagger            ||    18
Throw: Stone             ||     5
 Cast: Summon Small Mamm ||    51
       Call Imp          ||    11
  Use: Scroll            ||     4
Armor: Robe              ||     7
Dodge: Dodged            ||    24
